 Dungeon Crawl Stone Soup version 0.27-a0-909-g0721f309d1 (webtiles) character file.

Game seed: 5575930448304875512

63 DarkShadow the Skirmisher (level 3, -3/31 HPs)
             Began as a Palentonga Fighter on Apr 8, 2021.
             Slain by an orc
             ... wielding a +0 hand axe
              (6 damage)
             ... on level 3 of the Dungeon.
             The game lasted 00:03:24 (2223 turns).

DarkShadow the Skirmisher (Palentonga Fighter)      Turns: 2223, Time: 00:03:24

Health: -3/31      AC:  6    Str: 19    XL:     3   Next: 89%
Magic:  3/3        EV:  5    Int:  8    God:
Gold:   54         SH:  8    Dex: 10    Spells: 2/2 levels left

rFire    . . .     SeeInvis +   a - +0 war axe
rCold    . . .     Faith    .   c - +0 kite shield
rNeg     . . .     Spirit   .   b - +0 scale mail
rPois    .         Reflect  .   (no helmet)
rElec    .         Harm     .   (no cloak)
rCorr    .         Rampage  .   (no gloves)
Will     .....                  (no barding)
Stlth    ..........             (no amulet)
HPRegen  0.10/turn              (no ring)
MPRegen  0.08/turn              (no ring)

@: no status effects
A: large, rugged brown scales 3, see invisible, deformed body, roll 1, armoured
tail
a: Rolling Charge


You were on level 3 of the Dungeon.
You visited 1 branch of the dungeon, and saw 3 of its levels.

You collected 54 gold pieces.

Inventory:

Hand Weapons
 a - a +0 war axe (weapon)
Armour
 b - a +0 scale mail (worn)
 c - a +0 kite shield (worn)
Scrolls
 e - a scroll of enchant weapon {unknown}
 f - 3 scrolls of torment {unknown}
Potions
 d - a potion of might
 g - a potion of cancellation {unknown}
 h - a potion of haste {unknown}


   Skills:
 + Level 3.5 Fighting
 + Level 2.7 Axes
 + Level 2.8 Armour
 + Level 0.5 Dodging
 + Level 2.8 Shields


You had 2 spell levels left.
You didn't know any spells.
Your spell library was empty.

Dungeon Overview and Level Annotations

Branches:
Dungeon (3/15)

Altars:


Innate Abilities, Weirdness & Mutations

You are completely covered in rugged brown scales. (AC +3, +7% HP)
You have supernaturally acute eyesight. (SInv)
Armour fits poorly on your strangely shaped body.
You can roll at nearby foes to attack.
You have a long armoured tail.


Message History

You hit the goblin.
You kill the goblin!
You closely miss the adder.
You feel very sick. The adder bites you.
You are more poisoned.
The adder poisons you! You block the quokka's attack.
You block the adder's attack.
The quokka bites you but does no damage.
You slash the quokka!
You kill the quokka!
You closely miss the adder.
You feel very sick. The adder barely misses you.
The adder bites you but does no damage.
An orc comes into view. It is wielding a +0 club.
You feel sick.
The orc shouts!
You hear an angry hiss.
You block the adder's attack. x2
You see here a quokka corpse.
You feel sick.
You feel sick.
You feel sick.
You feel sick. The adder barely misses you.
You feel sick.
You feel sick.
You are no longer poisoned.
You block the adder's attack.
You see here a frilled lizard corpse.
The adder bites you but does no damage.
You miss the adder.
Your tail-slap misses the adder.
The adder bites you.
* * * LOW HITPOINT WARNING * * *
The adder bites you but does no damage.
You hit the adder but do no damage. The adder barely misses you.
You block the adder's attack.
You slash the adder!
You kill the adder!
You hit the orc.
The orc is heavily wounded.
The orc hits you but does no damage. The orc hits you with a +0 hand axe.
You die...

##.## .## ..# #..#
..##..# #.## #.#...
#.# #.#..# #.#
#..$.# #.# #....
##.#
#.)##########..#
#.†o......oro@#....#
#.#####..o####...###
#..# ##.........#
.o... ....$###..##
#.#.## ##..##.. .##
.... #..# .#### ....
...# ## ... #.###


You could see 3 orcs and a quokka.

Vanquished Creatures
  2 adders
  A dart slug (D:2)
  3 ball pythons
  5 bats
  6 endoplasms
  4 giant cockroaches
  8 goblins
  A hobgoblin (D:1)
  A quokka (D:3)
  3 frilled lizards
  2 kobolds (D:1)
  3 rats (D:1)
39 creatures vanquished.

Notes
Turn   | Place    | Note
-------+----------+-------------------------------------------
     0 | D:1      | DarkShadow the Palentonga Fighter began the quest for the
                  | Orb.
     0 | D:1      | Reached XP level 1. HP: 19/19 MP: 1/1
   239 | D:1      | Reached XP level 2. HP: 16/25 MP: 2/2
  1364 | D:2      | Reached XP level 3. HP: 27/31 MP: 3/3
  2120 | D:3      | Found a faded altar of an unknown god.
  2223 | D:3      | Slain by an orc

Illustrated notes

Levels and vault maps discovered:
D:1:      enne_arrival_octagon_isle, layout_basic, serial_co_window_serial,
          co_window_paths_a, co_window_paths_a, co_window_of_opportunity_a,
          co_window_corner_a, co_window_of_opportunity_a, co_window_broadway_c,
          co_window_broadway_c, co_window_2corner, co_window_paths_c,
          co_window_unsneaky_path_d, co_window_broadway_b, glass_columns_c,
          glass_columns_a, glass_columns_b, bh_walls_and_bars
D:2:      layout_basic
D:3:      layout_rooms, gammafunk_temple_overflow_elements,
          basic_ecumenical_altar

Action                   || total
-------------------------++-------
Melee: War axe           ||   101
       Tailslap          ||     3
Armor: Scale mail        ||    69
Dodge: Dodged            ||    31
Block: Kite shield       ||    54

Table legend: (Time is in decaauts)
 A = Elapsed time spent in this place.
 B = Non-inter-level travel time spent in this place.
 C = Inter-level travel time spent in this place.
 D = Time resting spent in this place.
 E = Time spent auto-exploring this place.
 F = Levels seen in this place.
 G = Mean time per level.
                   A        B        C        D        E       F      G
               +--------+--------+--------+--------+--------+-----+--------+
         Total |   2283 |   2283 |      0 |    254 |   1527 |   3 |  761.0 |
       Dungeon |   2283 |   2283 |      0 |    254 |   1527 |   3 |  761.0 |
               +--------+--------+--------+--------+--------+-----+--------+

Top non-repeatable levels by time:
     D:1: 1357 daAuts
     D:2: 816 daAuts
     D:3: 109 daAuts
